 Dungeon Crawl Stone Soup version 0.29.0-4-gdea44cf6ec (webtiles) character file.

Game seed: 9102443872979065315

2 qw the Sneak (level 1, -3/14 HPs)
             Began as a Gargoyle Delver on Sept 10, 2022.
             Slain by an orc priest
             ... wielding a +0 trident
              (8 damage)
             ... on level 3 of the Dungeon.
             The game lasted 00:00:05 (301 turns).

qw the Sneak (Gargoyle Delver)                       Turns: 301, Time: 00:00:05

Health: -3/14      AC:  5    Str: 15    XL:     1   Next: 30%
Magic:  1/1        EV: 11    Int: 10    God:
Gold:   27         SH:  0    Dex: 11    Spells: 0/0 levels left

rFire   . . .      SeeInvis .   Y - +0 hand axe
rCold   . . .      Faith    .   (no shield)
rNeg    + . .      Spirit   .   b - +0 leather armour
rPois   inf        Reflect  .   (no helmet)
rElec   +          Harm     .   (no cloak)
rCorr   .          Rampage  .   (no gloves)
Will    .....                   (no boots)
Stlth   +++.......              (no amulet)
HPRegen 0.04/turn               (no ring)
MPRegen 0.07/turn               (no ring)

@: no status effects
A: sickness immunity, AC +2, negative energy resistance 1, electricity
resistance, torment resistance 1, petrification resistance
a: no special abilities


You were on level 3 of the Dungeon.
You visited 1 branch of the dungeon, and saw 3 of its levels.

You collected 27 gold pieces.


Innate Abilities, Weirdness & Mutations

You are immune to sickness and miasma.
Your stone body is resilient. (AC +2)
You are immune to poison.
You resist negative energy. (rN+)
You are resistant to electric shocks. (rElec)
You are resistant to unholy torment.
You are immune to petrification.


   Skills:
 - Level 3.2 Fighting
 + Level 2.0 Axes
 - Level 1.5 Dodging
 - Level 5.4 Stealth


You couldn't memorise any spells.
You didn't know any spells.
Your spell library was empty.

Inventory:

Hand Weapons
 Y - a +0 hand axe (weapon)
Armour
 b - a +0 leather armour (worn)
Wands
 g - a wand of digging (3)
Potions
 f - a potion of haste
 h - a potion of degeneration {unknown}

Dungeon Overview and Level Annotations

Branches:
Dungeon (5/15)
 Temple: D:4-7

Altars:


Message History

You see here a +0 short sword.
You see here a hobgoblin corpse.
Found a robe.
Enter note:
c - a scroll labelled RAAVES PIRUV
Found a stone staircase leading up.
Enter note:
291 ||| READING scroll labelled RAAVES PIRUV.
As you read the scroll labelled RAAVES PIRUV, it crumbles to dust.
You feel strangely unstable.
It was a scroll of teleportation.
You start waiting.
Your surroundings suddenly seem different.
An orc and an orc priest come into view.
Found an escape hatch in the floor.
The orc priest shouts!
You hear a shout! x2
An orc comes into view. It is wielding a +0 hand axe.
The orc priest moves out of view.
An orc comes into view. It is wielding a +0 short sword.
An orc comes into view. It is wielding a +0 short sword.
The orc priest closely misses you.
Found a stone staircase leading up.
The orc priest mumbles some strange prayers to Beogh against you.
Pain shoots through your body!
You hit the orc priest.
The orc priest is lightly wounded.
You hit the orc. x2
The orc hits you with a +0 short sword.
The orc priest begins to cast a cantrip, but forgets the words!
You hit the orc.
The orc is almost dead.
You hit the orc priest. You hit the orc but do no damage.
The orc hits you with a +0 short sword. The orc closely misses you.
You hit the orc but do no damage.
The orc is almost dead.
You hit the orc.
You hit the orc priest but do no damage.
The orc hits you with a +0 short sword. The orc barely misses you.
The orc priest hits you with a +0 trident!
Ouch! That really hurt!
You die...

##### #. #.....#
##.. .......##
.... ........#
###. ........#
.... ......... #
#...
........###.#####
#...
.......o........#
#...
.....oo@###.###..
#... .....o.o# #
#... .....>..#
.... .........
.... .........
... <.........
#.........
######.....


You could see an orc priest and 4 orcs.

Vanquished Creatures
  A hobgoblin (D:3)
  A kobold (D:3)
2 creatures vanquished.

Notes
Turn   | Place    | Note
-------+----------+-------------------------------------------
     0 | D:5      | qw the Gargoyle Delver began the quest for the Orb.
     0 | D:5      | Reached XP level 1. HP: 14/14 MP: 1/1
     0 | D:5      | 0 ||| qw: Version: 0.1-a-116-g5d60599
     0 | D:5      | 0 ||| qw: Game counter: 9037
     0 | D:5      | 0 ||| qw: Always use a shield: true
     0 | D:5      | 0 ||| qw: God list: Okawaru
     0 | D:5      | 0 ||| qw: Allow faded altars: false
     0 | D:5      | 0 ||| qw: Do Orc after D:15 true
     0 | D:5      | 0 ||| qw: Do second Lair branch before Depths: true
     0 | D:5      | 0 ||| qw: Lair rune preference: random
     0 | D:5      | 0 ||| qw: Plans: Normal
     0 | D:5      | 0 ||| PLANNING D:1-11
    26 | D:5      | 26 ||| DROPPING ring of magical power.
    27 | D:5      | 27 ||| DROPPING scroll of fog.
    28 | D:5      | 28 ||| DROPPING scroll of magic mapping.
    29 | D:5      | 29 ||| DROPPING scroll of fear.
   291 | D:3      | 291 ||| READING scroll labelled RAAVES PIRUV.
   295 | D:3      | Noticed an orc priest
   301 | D:3      | Slain by an orc priest

Levels and vault maps discovered:
D:3:      layout_rooms, nicolae_underground_beach
D:4:      layout_gridville
D:5:      lemuel_ice_spiral_2, layout_basic,
          mainiacjoe_overflow_surrounded_room, serial_glass, glass_columns_a,
          glass_columns_a

Skill      XL: |  1 |
---------------+----+-----
Axes           | 2 |  2.0
Fighting       | |  3.2
Dodging        | |  1.5
Stealth        | |  5.4

Action                   || total
-------------------------++-------
Melee: Hand axe          ||    13
  Use: Scroll            ||     1
Armor: Leather armour    ||     6
Dodge: Dodged            ||     9

Table legend:
 A = Non-vault XP
 B = Vault XP
 C = Vault XP percentage of total XP
 D = Non-vault monster count
 E = Vault monster count
 F = Vault count percentage of total count
                 A         B        C        D         E       F
            +---------+---------+-------+---------+---------+-------
      Total |       3 |       0 |   0.0 |       2 |       0 |   0.0
            +---------+---------+-------+---------+---------+-------
        D:3 |       3 |       0 |   0.0 |       2 |       0 |   0.0
            +---------+---------+-------+---------+---------+-------
